 Dungeon Sprint DCSS version 0.30-a0-311-gf115ab0292 (webtiles) character file.

Game seed: 17146651631925540145

75 rocky1 the Insei (level 4, 0/35 HPs)
             Began as a Draconian Transmuter on Oct 26, 2022.
             Killed from afar by an orc wizard (7 damage)
             ... with a puff of flame
             ... in the Dungeon (Sprint IX: "|||||||||||||||||||||||||||||").
             The game lasted 00:00:22 (40 turns).

rocky1 the Insei (Draconian Transmuter)               Turns: 40, Time: 00:00:23

Health: 0/35       AC:  5    Str: 13    XL:     4   Next: 11%
Magic:  2/9        EV: 12    Int: 13    God:
Gold:   0          SH:  0    Dex: 13    Spells: 9/10 levels left

rFire   . . .      SeeInvis .      - Unarmed
rCold   . . .      Faith    .    (no shield)
rNeg    . . .      Spirit   .    (body armour unavailable)
rPois   .          Reflect  .    (helmet restricted)
rElec   .          Harm     .    (no cloak)
rCorr   .          Rampage  .    (no gloves)
Will    .....      NoTele   +    (no boots)
Stlth   ++........               (no amulet)
HPRegen 0.25/turn                (no ring)
MPRegen 0.11/turn                (no ring)

@: on berserk cooldown, slowed, very slow
A: AC +5, unfitting armour, cold-blooded
a: no special abilities


You were in the Dungeon.
You visited 1 branch

Inventory:

Scrolls
 g - a scroll of blinking
Potions
 a - a potion of lignification
 b - a potion of curing
 c - a potion of heal wounds
 d - a potion of haste
 e - 2 potions of magic


   Skills:
 + Level 1.2 Fighting
 + Level 3.0 Dodging
 + Level 1.4 Stealth
 + Level 6.3 Unarmed Combat
 + Level 3.7 Spellcasting
 + Level 3.5 Transmutations


You had 9 spell levels left.
You knew the following spells:

 Your Spells              Type           Power      Damage    Failure   Level
a - Beastly Appendage     Tmut           22%        N/A       4%          1

Your spell library contained the following spells:

 Spells                   Type           Power      Damage    Failure   Level
 Wereblood                Tmut           11%        N/A       8%          2
 Spider Form              Tmut/Pois      7%         N/A       30%         3
 Ice Form                 Ice/Tmut       7%         N/A       71%         4


Dungeon Overview and Level Annotations

Branches:
Dungeon (1/1)

Altars:


Innate Abilities, Weirdness & Mutations

Your plain brown scales are hard. (AC +5)
You cannot fit into any form of body armour.
You are cold-blooded and may be slowed by cold attacks.


Message History

There is an open door here.
You punch the gnoll bouda!
The gnoll bouda is almost dead.
The gnoll bouda hits you with a +0 whip!
You punch the gnoll bouda!
You kill the gnoll bouda!
Your Dodging skill increases to level 3!
Your Unarmed Combat skill increases to level 6!
You miss the adder. Your kick misses the adder. You headbutt the adder!
You tail-slap the adder.
You kill the adder!
A puff of flame appears from out of thin air!
The puff of flame hits you!
You have reached level 4!
You feel stronger.
Items here: ) [ ††.
You feel a strong urge to attack something.
Something completely misses you.
You miss something. Your kick misses something. Something hits you.
You closely miss something. Your headbutt misses something. You miss something.
Your kick misses something.
You hear some strange, mumbled words.
A puff of flame appears from out of thin air!
The puff of flame hits you!
* * * LOW HITPOINT WARNING * * *
You closely miss something.
Your horns disappear.
Your talons disappear.
Something barely misses you.
You miss something. Your punch misses something. You closely miss something.
You are no longer berserk.
You are exhausted.
You feel yourself slow down. Something hits you.
* * * LOW HITPOINT WARNING * * *
You barely miss something. Something hits you but does no damage.
You hit something.
You hear some strange, mumbled words.
A puff of flame appears from out of thin air!
The puff of flame hits you!
You die...

▓+▓
▓.▓
▓.▓
▓{▓
▓@▓
▓)▓
▓'▓
▓.▓
▓.▓
▓.▓
▓)▓
▓)▓
▓'▓


There were no monsters in sight!

Vanquished Creatures
  A gnoll bouda (D)
  An iguana (D)
  An adder (D)
  A white imp (D)
  An endoplasm (D)
  2 goblins (D)
  A quokka (D)
  A kobold (D)
9 creatures vanquished.

Notes
Turn   | Place    | Note
-------+----------+-------------------------------------------
     0 | D        | rocky1 the Draconian Transmuter began the quest for the
                  | Orb.
     0 | D        | Reached XP level 1. HP: 16/16 MP: 3/3
    21 | D        | Noticed an orc wizard
    21 | D        | Noticed a gnoll bouda
    21 | D        | Noticed an iguana
    26 | D        | Reached skill level 4 in Unarmed Combat
    26 | D        | Reached XP level 2. HP: 23/23 MP: 1/5
    27 | D        | Reached skill level 1 in Stealth
    27 | D        | Reached skill level 5 in Unarmed Combat
    27 | D        | Reached XP level 3. HP: 28/28 MP: 1/7
    30 | D        | Reached skill level 6 in Unarmed Combat
    31 | D        | Reached XP level 4. HP: 22/35 MP: 1/9
    40 | D        | Killed from afar by an orc wizard

Illustrated notes

Levels and vault maps discovered:
D:        linesprint [early_d, line_temple, items_1, d_10, items_2, lair_1,
          lair_end, items_3, orc_1, orc_end, items_4, d_15, swamp_1, shoals_1,
          snake_1, spider_1, d_20, vaults_1, items_5, swamp_end, shoals_end,
          snake_end, spider_end, vaults_end, d_27, items_6, zot_1, zot_end,
          crypt_end, forest_end, elf_end, slime_end, tomb_end, abyss_end,
          pan_hell_end]

Skill      XL: |  1  2  3 |
---------------+----------+-----
Dodging        | 2 3 |  3.0
Unarmed Combat | 4 5 6 |  6.3
Stealth        | 1 |  1.4
Spellcasting   | 3 |  3.7
Transmutations | 3 |  3.5
Fighting       | |  1.2

Action                   |  1- 3 |  4- 6 || total
-------------------------+-------+-------++-------
Melee: Unarmed           |    15 |     8 ||    23
       Kick              |     4 |       ||     4
       Headbutt          |     2 |       ||     2
       Tailslap          |     2 |       ||     2
 Cast: Beastly Appendage |     2 |       ||     2
  Use: Potion            |     1 |       ||     1
 Stab: Sleeping          |     1 |       ||     1
Armor: Skin              |     4 |     1 ||     5
Dodge: Dodged            |     3 |     2 ||     5

Table legend: (Time is in decaauts)
 A = Elapsed time spent in this place.
 B = Non-inter-level travel time spent in this place.
 C = Inter-level travel time spent in this place.
 D = Time resting spent in this place.
 E = Time spent auto-exploring this place.
 F = Levels seen in this place.
 G = Mean time per level.
                   A        B        C        D        E       F      G
               +--------+--------+--------+--------+--------+-----+--------+
         Total |     35 |     35 |      0 |      0 |      0 |   1 |   35.0 |
       Dungeon |     35 |     35 |      0 |      0 |      0 |   1 |   35.0 |
               +--------+--------+--------+--------+--------+-----+--------+

Top non-repeatable levels by time:
       D: 35 daAuts
